 Dungeon Crawl Stone Soup version 0.20.1-1-g8b1a95d66d (webtiles) character file.

0 Gargoyl the Skirmisher (level 1, 0/19 HPs)
             Began as a Centaur Abyssal Knight on Dec 22, 2017.
             Was a Follower of Lugonu.
             Slain by a neqoxec (6 damage)
             ... on level 2 of the Abyss.
             The game lasted 00:00:18 (41 turns).

Gargoyl the Skirmisher (Centaur Abyssal Knight)       Turns: 41, Time: 00:00:19

Health: 0/19       AC:  4    Str: 14    XL:     1   Next: 0%
Magic:  2/2        EV:  9    Int: 11    God:    Lugonu [*.....]
Gold:   8          SH:  0    Dex:  8    Spells: 0/0 levels left

rFire    . . .     SeeInvis .   a - +1 hand axe
rCold    . . .     Gourm    .   (no shield)
rNeg     . . .     Faith    .   b - +0 leather armour
rPois    .         Spirit   .   (no helmet)
rElec    .         Reflect  .   (no cloak)
rCorr    .         Harm     .   (no gloves)
MR       .....                  (no barding)
Stlth    ..........             (no amulet)
Regen    0.0/turn               (no ring)
MPRegen  0.1/turn               (no ring)

@: non-regenerating, diseased, very quick
A: hooves 3, deformed body, speed 2, tough skin 3
a: Depart the Abyss, Renounce Religion


You were on level 2 of the Abyss.
You worshipped Lugonu.
Lugonu was aware of your devotion.
You were not hungry.

You visited 0 branches of the dungeon, and saw 0 of its levels.
You visited the Abyss 1 time.

You collected 8 gold pieces.

Inventory:

Hand Weapons
 a - a +1 hand axe (weapon)
Armour
 b - a +0 leather armour (worn)
Comestibles
 c - a bread ration


   Skills:
 + Level 3.0 Fighting
 + Level 1.7 Axes
 + Level 1.3 Armour
 + Level 0.6 Dodging
 + Level 2.0 Invocations


You couldn't memorise any spells.
You didn't know any spells.

Dungeon Overview and Level Annotations

Branches:
Dungeon (0/15)

Altars:


Innate Abilities, Weirdness & Mutations

You have hooves in place of feet.
Armour fits poorly on your strangely shaped body.
You cover ground very quickly.
You have extremely tough skin. (AC +3)


Message History

4 starspawn tentacles come into view.
The starspawn tentacle barely misses you.
A starcursed mass splits. x2
A starcursed mass splits. x2
You hit the neqoxec. You kick the neqoxec, but do no damage.
The neqoxec is lightly wounded.
A starcursed mass splits.
The neqoxec gestures at you.
Something tries to feed on your intellect!
A tentacle flies out from the starspawn's body!
A starcursed mass splits.
A starspawn tentacle comes into view.
You closely miss the neqoxec.
The neqoxec is lightly wounded.
You hit the revenant.
A starcursed mass splits.
The neqoxec barely misses you.
You feel ill.
A tentacle flies out from the starspawn's body!
The revenant hits you but does no damage.
A starcursed mass splits.
The neqoxec hits you.
You die...

.... ... .. . .#
.# . # ....... .#
. .#. #.##...# .
#### #.#. . ##. .
# ##..####. ....
... )X#
#..L.##.....#..#.
#.. ##.*3@##..
.... .#
#...###X..Z###
......# .?
#X.XXXXX#####..
#)##...
##.XXXw#####. .. #
. . . .
##._wX.###.©... #.
..
####.Xx$w#####.#.#
.##.. x.w...w
##.... ..
#...###.w. .#.#.
#. # ##.. #.#.#..


You could see 8 starcursed masses, 3 tentacled starspawn, a revenant, a wretched
star, an ancient zyme, a neqoxec, 3 starspawn tentacles and a spriggan zombie.

Vanquished Creatures (others)
  5 starspawn tentacles (Abyss:2)
5 creatures vanquished.

Notes
Turn   | Place    | Note
-------+----------+-------------------------------------------
     0 | Abyss:1  | Gargoyl the Centaur Abyssal Knight began the quest for the Orb.
     0 | Abyss:1  | Reached XP level 1. HP: 19/19 MP: 2/2
    22 | Abyss:2  | Found a transporter.
    27 | Abyss:2  | Found a corrupted altar of Lugonu.
    28 | Abyss:2  | Found a corrupted altar of Lugonu.
    29 | Abyss:2  | Noticed a revenant
    30 | Abyss:2  | Noticed a starcursed mass
    30 | Abyss:2  | Noticed a wretched star
    30 | Abyss:2  | Noticed a tentacled starspawn
    31 | Abyss:2  | Noticed a tentacled starspawn
    31 | Abyss:2  | Noticed a small abomination
    31 | Abyss:2  | Noticed a neqoxec
    32 | Abyss:2  | Noticed a tentacled starspawn
    32 | Abyss:2  | Noticed an ancient zyme
    32 | Abyss:2  | Noticed a starcursed mass
    33 | Abyss:2  | Noticed a tentacled starspawn
    41 | Abyss:2  | Slain by a neqoxec

Action                   || total
-------------------------++-------
Melee: Hand axe          ||     2
       Kick              ||     1
Armor: Leather armour    ||     1
Dodge: Dodged            ||     2
